 Dungeon Crawl Stone Soup version 0.18-b1-10-g3f7de93 (webtiles) character file.

76 Freud the Slasher (level 4, 0/33 HPs)
             Began as a Formicid Skald on Apr 29, 2016.
             Slain by an orc
             ... wielding a +0 falchion
              (7 damage)
             ... on level 3 of the Dungeon.
             The game lasted 00:15:00 (2426 turns).

Freud the Slasher (Formicid Skald)                  Turns: 2426, Time: 00:15:01

Health: 0/33       AC:  7    Str: 17    XL:     4   Next: 57%
Magic:  7/7        EV:  9    Int: 12    God:
Gold:   134        SH:  0    Dex: 10    Spells: 3 memorised, 2 levels left

rFire  . . .     SeeInvis +     a - +1 falchion
rCold  . . .     Gourm    .     m - +1 scale mail
rNeg   . . .     Faith    .     (no shield)
rPois  .         Spirit   .     (helmet unavailable)
rElec  .         Dismiss  .     (no cloak)
rCorr  .         Reflect  .     (no gloves)
SustAt .         Harm     .     (no boots)
MR     .....                    (no amulet)
Stlth  +.........               o - ring of stealth
                                u - ring of wizardry

@: not resistant to hostile enchantments, very unstealthy
A: permanent stasis, dig shafts and tunnels, four strong arms, antennae 3
a: Dig, Shaft Self


You were on level 3 of the Dungeon.
You were not hungry.

You visited 1 branch of the dungeon, and saw 3 of its levels.

You collected 134 gold pieces.

Inventory:

Hand Weapons
 a - a +1 falchion (weapon)
Missiles
 e - 93 stones (quivered)
 h - 2 curare-tipped needles
 j - 23 poisoned needles
Armour
 m - a +1 scale mail (worn)
Jewellery
 o - a ring of stealth (right hand)
 u - a ring of wizardry (left hand)
Scrolls
 i - a scroll of random uselessness
Potions
 b - a potion of cure mutation
 l - a potion of flight {unknown}
 n - 2 potions of curing
Books
 c - a book of Battle

   Spells                             Type                      Level
   a - Infusion                       Charms                       1
   b - Shroud of Golubria             Charms/Translocation         2
   c - Song of Slaying                Charms                       2
   d - Spectral Weapon                Hexes/Charms                 3
   e - Regeneration                   Charms/Necromancy            3
Comestibles
 d - 2 bread rations
 f - 2 meat rations
 g - 2 beef jerkies


   Skills:
 - Level 2.1 Fighting
 + Level 4.4 Long Blades
 - Level 1.1 Armour
 - Level 0.8 Dodging
 - Level 2.1 Spellcasting
 - Level 3.0 Charms


You had 2 spell levels left.
You knew the following spells:

 Your Spells              Type           Power        Failure   Level  Hunger
a - Infusion              Chrm           #...         12%         1    ##.....
q - Shroud of Golubria    Chrm/Tloc      #.........   45%         2    ###....
w - Song of Slaying       Chrm           #.......     17%         2    ###....


Dungeon Overview and Level Annotations

Branches:
Dungeon (3/15)

Altars:
Trog
The Shining One


Innate Abilities, Weirdness & Mutations

You are under a permanent stasis effect.
You can dig through walls and to a lower floor.
Your four strong arms can wield two-handed weapons with a shield.
You have a pair of large antennae on your head (SInv).


Message History

You hit the orc.
You kill the orc!
The orc hits you from afar with a trident.
There's something blocking the doorway.
The orc hits you but does no damage.
You closely miss the orc. The orc hits you with a trident.
The orc hits you from afar with a trident.
* * * LOW HITPOINT WARNING * * *
The orc barely misses you.
You slash the orc!
You kill the orc!
You hit the orc but do no damage. The orc barely misses you.
You barely miss the orc. The orc hits you but does no damage.
You barely miss the orc. The orc barely misses you. The orc hits you.
* * * LOW HITPOINT WARNING * * *
You closely miss the orc. The orc closely misses you.
You hit the orc.
The orc is almost dead.
The orc hits you with a falchion!
You die...

########### #.......... ###
###'#########
#...###############.....##)###.
+..o'....o...................#.
#..o############.##........)<..
#.. #.#########.#.## ## #####)#
#... #..@o.# #..# ## ### ###
#..oo## #... 8###8###8###
#....# #.#. ...........# #....#
..#. ...........# ###### ####.
...........######### #
8###⌠###8#.........# .
##################### #
........#######.....#


You could see an orc priest and 2 orcs.

Vanquished Creatures
  3 adders (D:2)
  An ooze (D:3)
  A dart slug (D:2)
  A giant gecko (D:1)
  3 orcs (D:3)
  A ball python (D:1)
  3 bats
  A giant cockroach (D:2)
  4 goblins
  7 hobgoblins
  2 jackals (D:1)
  2 giant newts
  2 kobolds (D:1)
  8 rats
39 creatures vanquished.

Notes
Turn   | Place    | Note
--------------------------------------------------------------
     0 | D:1      | Freud the Formicid Skald began the quest for the Orb.
     0 | D:1      | Reached XP level 1. HP: 16/16 MP: 3/3
   182 | D:1      | Reached XP level 2. HP: 19/22 MP: 5/5
   342 | D:1      | Reached skill level 3 in Long Blades
   758 | D:2      | Reached XP level 3. HP: 7/27 MP: 6/6
   815 | D:2      | Learned a level 2 spell: Shroud of Golubria
   818 | D:2      | Learned a level 2 spell: Song of Slaying
  1726 | D:2      | Reached XP level 4. HP: 31/33 MP: 7/7
  1755 | D:2      | Reached skill level 4 in Long Blades
  1954 | D:3      | Found a glowing golden altar of the Shining One.
  1981 | D:3      | Found a bloodstained altar of Trog.
  2426 | D:3      | Slain by an orc

Skill      XL: |  1  2  3  4 |
---------------+-------------+-----
Long Blades    | 3 4 |  4.4
Fighting       | |  2.1
Armour         | |  1.1
Dodging        | |  0.8
Spellcasting   | |  2.1
Charms         | |  3.0

Action                   |  1- 3 |  4- 6 || total
-------------------------+-------+-------++-------
Melee: Falchion          |   110 |    59 ||   169
  Use: Potion            |     2 |       ||     2
       Scroll            |       |     6 ||     6
  Eat: Chunk             |     2 |     3 ||     5
Armor: Leather armour    |    11 |       ||    11
       Ring mail         |     9 |       ||     9
       Scale mail        |    30 |    27 ||    57
Dodge: Dodged            |    49 |    26 ||    75
